 Dungeon Crawl Stone Soup version 0.18-a0-1036-g7ac1859 (webtiles) character file.

19975 Jmtri7 the Tortoise (level 12, -3/96 HPs)
             Began as a Deep Dwarf Fighter on Jan 9, 2016.
             Was an Elder of Qazlal.
             Killed from afar by an ice statue (13 damage)
             ... with a bolt of cold
             ... in an ice cave.
             The game lasted 01:16:44 (10896 turns).

Jmtri7 the Tortoise (Deep Dwarf Fighter)           Turns: 10896, Time: 01:16:44

Health: -3/96      AC: 29    Str: 25    XL:     12   Next: 41%
Magic:  13/13      EV:  8    Int:  9    God:    Qazlal [****..]
Gold:   390        SH: 27    Dex: 16    Spells: 0 memorised, 11 levels left

rFire  . . .     SeeInvis .     M - +0 war axe (vamp)
rCold  . . .     Gourm    .     l - +5 scale mail "Jaemugg" {Dex+4}
rNeg   . . .     Faith    .     G - +0 large shield {reflect}
rPois  .         Spirit   .     q - +0 helmet
rElec  .         Dismiss  .     b - +0 cloak
rCorr  .         Reflect  +     z - +2 pair of gloves
SustAt .         Harm     .     P - +0 pair of boots {Stlth+}
MR     +....                    (no amulet)
Stlth  +.........               K - ring of magical power
                                J - +5 ring of protection

@: non-regenerating, repel missiles, somewhat resistant to hostile enchantments,
very unstealthy
A: damage resistance, recharge devices, sense surroundings 2, slow regeneration
3
a: Device Recharging, Upheaval, Elemental Force, Renounce Religion


You were in an ice cave.
You worshipped Qazlal.
Qazlal was greatly pleased with you.
You were hungry.

You visited 2 branches of the dungeon, and saw 14 of its levels.
You also visited: Ice Cave.

You collected 709 gold pieces.
You spent 319 gold pieces at shops.

Inventory:

Hand Weapons
 m - a +6 dagger of electrocution
 o - a +0 scimitar of flaming
 M - a +0 vampiric war axe (weapon)
 N - a +0 broad axe
 R - a +2 morningstar of protection
Missiles
 O - 4 exploding tomahawks (quivered)
Armour
 b - a +0 cloak (worn)
 d - a troll hide
 l - the +5 scale mail "Jaemugg" (worn) {Dex+4}
   (You bought it in a shop on level 4 of the Dungeon)

   It affects your dexterity (+4).
 n - a +0 fire dragon armour
 q - a +0 helmet (worn)
 z - a +2 pair of gloves (worn)
 G - a +0 large shield of reflection (worn)
 P - a +0 pair of boots of stealth (worn)
 Q - a +3 chain mail of poison resistance
Magical Staves
 T - an uncursed staff of wizardry {unknown}
Jewellery
 c - an uncursed ring of ice
 u - an uncursed ring of poison resistance
 D - an uncursed ring of protection from fire
 J - a +5 ring of protection (left hand)
 K - a ring of magical power (right hand)
 S - an uncursed ring of positive energy
Wands
 e - a wand of heal wounds (5/9)
 x - a wand of random effects (7/48)
 y - a wand of frost (18/48)
 C - a wand of draining (7/15)
 L - a wand of flame (24/48)
Scrolls
 i - 9 scrolls of remove curse
 w - a scroll of noise
 H - a scroll of fear
 I - a scroll of torment
Potions
 g - 9 potions of curing
 h - a potion of cancellation
 j - a potion of magic
 k - 2 potions of ambrosia
 p - 3 potions of agility
 r - 3 potions of brilliance
 t - 3 potions of lignification
 v - 2 potions of heal wounds
 B - a potion of flight
Books
 s - a book of Dreams

   Spells                             Type                      Level
   a - Ensorcelled Hibernation        Hexes/Ice                    2
   b - Phase Shift                    Translocation                5
   c - Silence                        Hexes/Air                    5
   d - Darkness                       Hexes                        6
   e - Mass Confusion                 Hexes                        6
   f - Shadow Creatures               Summoning                    6
Comestibles
 a - a meat ration
 f - 7 bread rations
 A - 6 beef jerkies
 E - 5 slices of pizza
 F - 4 chunks of flesh


   Skills:
 - Level 2.6 Fighting
 - Level 2.1 Axes
 + Level 15.6 Armour
 + Level 15.4 Shields


You had 11 spell levels left.
You didn't know any spells.

Dungeon Overview and Level Annotations

Branches:
Dungeon (13/15)            Temple (1/1) D:4            Lair (0/8) D:11
    Orc (0/2) D:11
 Vaults: D:13-14

Altars:
Ashenzari
Cheibriados
Dithmenos
Elyvilon
Fedhas
Gozag
Kikubaaqudgha
Makhleb
Nemelex Xobeh
Okawaru
Pakellas
Qazlal
Ru
Sif Muna
Trog
Vehumet
Xom
Yredelemnul
Zin
The Shining One

Shops:
D:4 [   D:5 %*=*!   D:9 !

Annotations:
IceCv exclusion: 2 ice statues


Innate Abilities, Weirdness & Mutations

You are resistant to damage.
You can recharge devices by infusing magical energy.
You passively map the area around you.
You do not regenerate naturally.


Message History

The ice beast is severely wounded.
You closely miss the ice beast. You closely miss the ice devil.
The ice devil is lightly wounded.
You hit the ice beast.
The ice beast is moderately wounded.
You hit the ice beast.
The ice beast is heavily wounded.
You are engulfed in freezing vapours.
* * * LOW HITPOINT WARNING * * *
You block the ice devil's attack. You block the ice beast's attack.
The ice beast hits you. The ice beast freezes you.
* * * LOW HITPOINT WARNING * * *
The ice beast hits you. The ice beast freezes you!
* * * LOW HITPOINT WARNING * * *
You block the ice beast's attack. You block the ice devil's attack.
The ice beast barely misses you.
The ice beast hits you but does no damage.
The ice statue throws cold at you. The bolt of cold hits you!
You die...

≈≈ ≈** *≈≈#....## ≈ ≈≈ *
#.....## ≈#### *≈
*8......# ##..######≈
##......# #....##.§##
###§§§§...#
.......§§§###§§§§§.§§.##
.∩.∩....§.§#§§§§Y§.§§..#
.......##§§§§##YY4§§§..#
#....#####§.####@Y.§§..#
##..## #### #8.Y§§§.##
#### ####§#.## ## #


You could see 2 ice statues, an ice devil and 5 ice beasts.

Vanquished Creatures
  Erica (D:11)
  2 hydras (D:12)
  A death knight (D:11)
  Urug (D:12)
  2 unseen horrors
  4 wizards (D:11)
  2 hill giants (D:11)
  Pikel (D:6)
  2 ugly things
  A manticore (D:12)
  2 trolls
  A two-headed ogre (D:8)
  The ghost of ccamiloo the Shield-Bearer, an amateur VSFi of Zin (D:5)
  A shadow (D:11)
  16 yaks
  5 basilisks (D:11)
  A human (D:7)
  3 hungry ghosts
  A soldier ant (D:10)
  2 water moccasins
  3 porcupines (D:11)
  4 orc warriors
  A sky beast (D:10)
  A black bear (D:11)
  4 ice beasts
  A phantom (D:11)
  2 necrophages
  5 ogres
  3 centaurs
  6 boggarts (D:11)
  4 crocodiles
  3 big kobolds (D:11)
  4 giant frogs
  A water moccasin skeleton (D:7)
  3 scorpions
  6 killer bees
  8 crimson imps
  3 jellies
  A wasp zombie (D:9)
  3 centaur zombies
  A giant frog zombie (D:10)
  A quasit (D:7)
  5 orc priests
  Crazy Yiuf (D:3)
  3 hounds
  10 orc wizards
  2 centaur skeletons
  Ijyb (D:3)
  Natasha (twice) (D:2)
  14 worker ants
  An iguana (D:12)
  3 sheep (D:7)
  2 hound skeletons
  A worker ant zombie (D:9)
  8 gnolls
  14 adders
  5 river rats
  A shadow imp (D:6)
  3 ufetubi (IceCv)
  An adder zombie (D:7)
  An adder skeleton (D:4)
  3 worms
  2 giant geckos
  38 orcs
  5 giant cockroaches
  10 goblins
  5 hobgoblins
  4 jackals
  15 kobolds
  4 quokkas
  3 ball pythons
  9 bats
  2 giant cockroach zombies (D:5)
  A giant gecko skeleton (D:6)
  A giant gecko zombie (D:6)
  5 giant newts
  3 quokka skeletons
  8 rats
  2 bushes
316 creatures vanquished.

Vanquished Creatures (others)
  A wizard (D:11)
  3 centaurs
  A giant frog skeleton (D:6)
  2 white imps (IceCv)
  8 ufetubi (IceCv)
  A giant gecko (D:6)
  An orc (D:6)
  3 jackals (D:6)
  A giant newt (D:6)
  5 kobolds (D:11)
  2 plants (D:11)
28 creatures vanquished.

Grand Total: 344 creatures vanquished

Notes
Turn   | Place    | Note
--------------------------------------------------------------
     0 | D:1      | Jmtri7 the Deep Dwarf Fighter began the quest for the Orb.
     0 | D:1      | Reached XP level 1. HP: 20/20 MP: 1/1
   184 | D:1      | Reached XP level 2. HP: 25/27 MP: 2/2
   645 | D:2      | Reached skill level 4 in Armour
   645 | D:2      | Reached XP level 3. HP: 20/33 MP: 3/3
   917 | D:2      | Noticed Natasha
   918 | D:2      | Killed Natasha
   934 | D:2      | Reached XP level 4. HP: 18/40 MP: 4/4
   983 | D:2      | Noticed Natasha
   993 | D:2      | Killed Natasha
  1363 | D:3      | Reached skill level 5 in Armour
  1396 | D:3      | Reached skill level 5 in Shields
  1396 | D:3      | Reached XP level 5. HP: 29/46 MP: 5/5
  1536 | D:3      | Noticed Crazy Yiuf
  1544 | D:3      | Killed Crazy Yiuf
  1708 | D:3      | Noticed Ijyb
  1721 | D:3      | Killed Ijyb
  1721 | D:3      | Reached XP level 6. HP: 22/55 MP: 6/6
  2104 | D:3      | Reached skill level 6 in Armour
  2252 | D:4      | Found Qoroexaf's Antique Armour Emporium.
  2639 | D:4      | Found a staircase to the Ecumenical Temple.
  2646 | Temple   | Entered the Ecumenical Temple
  2705 | Temple   | Became a worshipper of Qazlal Stormbringer
  2896 | D:4      | Reached XP level 7. HP: 54/61 MP: 7/7
  3034 | D:5      | Entered Level 5 of the Dungeon
  3153 | D:5      | Found Vemne's Assorted Antiques.
  3348 | D:5      | Found Tauq's Assorted Antiques.
  3369 | D:5      | Reached skill level 7 in Armour
  3507 | D:5      | Found Buruc's Food Emporium.
  3589 | D:5      | Noticed ccamiloo's ghost (amateur VSFi)
  3600 | D:5      | Killed ccamiloo's ghost
  3632 | D:5      | Found Poybuno's Jewellery Boutique.
  3803 | D:5      | Found Wufytiecw's Distillery.
  4026 | D:5      | Reached skill level 8 in Armour
  4026 | D:5      | Reached XP level 8. HP: 51/68 MP: 8/8
  4201 | D:6      | Noticed Pikel
  4211 | D:6      | Killed Pikel
  4211 | D:6      | Reached skill level 9 in Armour
  4218 | D:6      | Reached * piety under Qazlal
  4466 | D:6      | Gained mutation: You passively map the area around you. [Deep Dwarf growth]
  4466 | D:6      | Reached XP level 9. HP: 52/74 MP: 7/7
  4624 | D:4      | Bought a faintly glowing scale mail for 216 gold pieces
  4635 | D:4      | Identified the +5 scale mail "Jaemugg" {Dex+4} (You bought it in a shop on level 4 of the Dungeon)
  4726 | D:6      | Reached skill level 10 in Armour
  5018 | D:7      | Found an oddly glowing altar of Pakellas.
  5050 | D:7      | Reached skill level 10 in Shields
  5410 | D:7      | Reached ** piety under Qazlal
  5444 | D:7      | Found a white marble altar of Elyvilon.
  5697 | D:8      | Reached skill level 11 in Armour
  6564 | D:5      | Bought a shiny large shield for 103 gold pieces
  6636 | D:9      | Gained mutation: Your spells are a little harder to cast, but a little more powerful. [potion of beneficial mutation]
  6638 | D:9      | Lost mutation: Your spells are a little harder to cast, but a little more powerful. [potion of cure mutation]
  6774 | D:9      | Reached XP level 10. HP: 58/81 MP: 8/8
  6879 | D:9      | Found Bioc's Distillery.
  7328 | D:10     | Entered Level 10 of the Dungeon
  7376 | D:10     | Reached skill level 12 in Armour
  8007 | D:10     | Found a portal to a secret trove of treasure.
  8403 | D:10     | Reached *** piety under Qazlal
  8492 | D:11     | Noticed a hill giant
  8503 | D:11     | Killed a hill giant
  8535 | D:10     | Reached skill level 13 in Armour
  8563 | D:11     | Reached XP level 11. HP: 49/88 MP: 9/9
  8611 | D:11     | Noticed a death knight
  8663 | D:11     | Reached **** piety under Qazlal
  8676 | D:11     | Killed a death knight
  8805 | D:11     | Found a staircase to the Orcish Mines.
  8828 | D:11     | Noticed Erica
  8834 | D:11     | Killed Erica
  8834 | D:11     | Reached skill level 14 in Armour
  8868 | D:12     | Noticed a six-headed hydra
  8876 | D:12     | Killed a six-headed hydra
  8987 | D:12     | Noticed an eight-headed hydra
  9005 | D:12     | Killed an eight-headed hydra
  9046 | D:11     | Found a staircase to the Lair.
  9186 | D:11     | Noticed a wizard
  9194 | D:11     | Killed a wizard
  9197 | D:11     | Noticed a wizard
  9205 | D:11     | Killed a wizard
  9213 | D:11     | Noticed a wizard
  9218 | D:11     | Killed a wizard
  9236 | D:11     | Noticed a wizard
  9241 | D:11     | Killed a wizard
  9241 | D:11     | Reached XP level 12. HP: 64/96 MP: 8/8
  9260 | D:11     | Reached skill level 15 in Armour
  9331 | D:11     | Reached skill level 15 in Shields
 10145 | D:12     | Noticed Urug
 10156 | D:12     | Killed Urug
 10800 | D:13     | Found a frozen archway.
 10804 | IceCv    | Entered an ice cave
 10896 | IceCv    | Killed from afar by an ice statue

Vault maps used:
D:1:      co_arrival_random_square_maze
D:2:      uniq_natasha
D:3:      serial_forest, infiniplex_forest_lined_2, infiniplex_forest_corner_2,
          infiniplex_forest_side_room, infiniplex_forest_clump_small,
          infiniplex_forest_straight_4, infiniplex_forest_corner_2,
          lightli_corner_chamber, uniq_iyjb, uniq_crazy_yiuf_cottage
D:4:      minmay_temple_entry_statues_fountains, first_bread, serial_shops, shop
D:5:      serial_shops, nicolae_shop_trees, shop, nicolae_shop_waterfront, shop,
          shop
D:6:      grunt_ministairs_10, uniq_pikel
D:7:      lemuel_doored_altar, grunt_pakellas_basics, grunt_livestock
D:9:      serial_shops, shop
D:10:     nicolae_trove_entry_columns
D:11:     minmay_smoke_and_mirrors, minmay_lair_entry_grove,
          minmay_unpleasant_kobolds, uniq_erica
D:12:     uniq_urug
D:13:     portal_ice_cave_entry_pillars_03, serial_shops, shop
Temple:   grunt_circular_temple_18
IceCv:    ice_cave_small_demon

Action                   |  1- 3 |  4- 6 |  7- 9 | 10-12 || total
-------------------------+-------+-------+-------+-------++-------
Melee: War axe           |    55 |       |       |   104 ||   159
       Dagger            |    12 |   241 |   352 |   459 ||  1064
 Abil: Device Recharging |       |       |     2 |     6 ||     8
Evoke: Wand              |       |     4 |     7 |    26 ||    37
  Use: Scroll            |     2 |     6 |    12 |     5 ||    25
       Potion            |       |       |     3 |     1 ||     4
  Eat: Chunk             |       |     2 |    10 |    11 ||    23
       Bread ration      |       |     1 |       |       ||     1
       Beef jerky        |       |       |     1 |       ||     1
       Fruit             |       |       |       |     2 ||     2
       Pizza             |       |       |       |     2 ||     2
       Meat ration       |       |       |       |     1 ||     1
